 Dungeon Crawl Stone Soup version 0.29.0-4-gdea44cf6ec (webtiles) character file.

Game seed: 8223537440409981758

2 qw the Sneak (level 1, 0/10 HPs)
             Began as a Felid Delver on Aug 27, 2022.
             Slain by Sigmund
             ... wielding a +0 scythe
              (1 damage)
             ... on level 3 of the Dungeon.
             The game lasted 00:00:02 (724 turns).

qw the Sneak (Felid Delver)                          Turns: 724, Time: 00:00:02

Health: 0/10       AC:  1    Str:  8    XL:     1   Next: 25%
Magic:  2/2        EV: 17    Int: 11    God:
Gold:   0          SH:  0    Dex: 17    Spells: 0/0 levels left
                                        Lives:  0   Deaths: 0

rFire   . . .      SeeInvis +     - Unarmed
rCold   . . .      Faith    .   (shield unavailable)
rNeg    . . .      Spirit   .   (body armour unavailable)
rPois   .          Reflect  .   (helmet unavailable)
rElec   .          Harm     .   (cloak unavailable)
rCorr   .          Rampage  .   (gloves unavailable)
Will    .....                   (boots unavailable)
Stlth   +.........              (no amulet)
HPRegen 0.03/turn               (no ring)
MPRegen 0.08/turn               (no ring)

@: confused, quick
A: very small, claws 1, fangs 3, see invisible, speed 1, shaggy fur 1, stealthy
paws, no weapons or thrown items, no armour, multi-lived
a: no special abilities


You were on level 3 of the Dungeon.
You visited 1 branch of the dungeon, and saw 3 of its levels.


Innate Abilities, Weirdness & Mutations

You have sharp claws.
You have razor-sharp teeth.
You have supernaturally acute eyesight. (SInv)
You cover ground quickly. (Speed+)
You are covered in fur. (AC +1)
Your paws help you pounce on unaware monsters.
You are incapable of wielding weapons or throwing items.
You cannot wear armour.
You gain extra lives every three experience levels.


   Skills:
 - Level 3.0 Fighting
 - Level 2.6 Dodging
 - Level 6.6 Stealth
 + Level 2.2 Unarmed Combat


You couldn't memorise any spells.
You didn't know any spells.
Your spell library was empty.

Inventory:

Wands
 e - a wand of digging (3)
Potions
 a - a potion of degeneration {unknown}
 d - a potion of haste

Dungeon Overview and Level Annotations

Branches:
Dungeon (5/15)
 Temple: D:4-7

Altars:

Annotations:
D:3 Sigmund


Message History

You start waiting.
Done waiting.
607 ||| Stepping ~*~*~tactically~*~*~ (hiding).
You start waiting.
Done waiting.
Sigmund shouts!
Sigmund casts a spell at you. The magic dart hits you!
Ouch! That really hurt!
709 ||| Stepping ~*~*~tactically~*~*~ (hiding).
710 ||| Stepping ~*~*~tactically~*~*~ (hiding).
711 ||| Stepping ~*~*~tactically~*~*~ (hiding).
You start resting.
Sigmund is nearby!
A giant cockroach comes into view.
Sigmund mumbles some strange words.
Sigmund flickers and vanishes for a moment.
Sigmund completely misses you.
You scratch Sigmund.
Sigmund is lightly wounded.
You scratch Sigmund.
Sigmund is lightly wounded.
Sigmund closely misses you.
You scratch Sigmund.
Sigmund is moderately wounded.
The giant cockroach barely misses you.
You scratch Sigmund. You bite Sigmund.
Sigmund is heavily wounded.
The giant cockroach misses you. Sigmund casts a spell at you.
You are confused.
The giant cockroach misses you.
You're too confused to move!
Sigmund closely misses you. The giant cockroach bites you.
You closely miss the giant cockroach. Sigmund barely misses you.
The giant cockroach barely misses you.
You bump into the rock wall.
The giant cockroach closely misses you.
Sigmund hits you from afar with a +0 scythe.
You die...

#.:.....#####.######.
#.......# #.# #.
#.......# #.# #.
#......)#####+# #.
####........... #.
#........... #.
#........... #.
#...........
#@..........
#.B.........
#....@..........
#..........#####
#.....$....#
#......)...#
#..........#
#..........#
#...........


You could see Sigmund (invisible) and a giant cockroach.

Vanquished Creatures
  An endoplasm (D:3)
  A kobold (D:3)
2 creatures vanquished.

Notes
Turn   | Place    | Note
-------+----------+-------------------------------------------
     0 | D:5      | qw the Felid Delver began the quest for the Orb.
     0 | D:5      | Reached XP level 1. HP: 10/10 MP: 2/2
     0 | D:5      | 0 ||| qw: Version: 0.1-a-89-g26bdef1
     0 | D:5      | 0 ||| qw: Game counter: 22
     0 | D:5      | 0 ||| qw: Always use a shield: true
     0 | D:5      | 0 ||| qw: God list: Okawaru, Trog
     0 | D:5      | 0 ||| qw: Allow faded altars: false
     0 | D:5      | 0 ||| qw: Do Orc after D:15 true
     0 | D:5      | 0 ||| qw: Do second Lair branch before Depths: true
     0 | D:5      | 0 ||| qw: Lair rune preference: random
     0 | D:5      | 0 ||| qw: Plans: Normal
     0 | D:5      | 0 ||| PLANNING D:1-11
     0 | D:5      | 0 ||| DROPPING scroll of fog.
     1 | D:5      | 1 ||| DROPPING scroll of magic mapping.
     2 | D:5      | 2 ||| DROPPING scroll of fear.
    96 | D:3      | Noticed Sigmund
    97 | D:3      | 97 ||| Stepping ~*~*~tactically~*~*~ (hiding).
   199 | D:3      | 199 ||| Stepping ~*~*~tactically~*~*~ (hiding).
   301 | D:3      | 301 ||| Stepping ~*~*~tactically~*~*~ (hiding).
   403 | D:3      | 403 ||| Stepping ~*~*~tactically~*~*~ (hiding).
   505 | D:3      | 505 ||| Stepping ~*~*~tactically~*~*~ (hiding).
   607 | D:3      | 607 ||| Stepping ~*~*~tactically~*~*~ (hiding).
   709 | D:3      | 709 ||| Stepping ~*~*~tactically~*~*~ (hiding).
   710 | D:3      | 710 ||| Stepping ~*~*~tactically~*~*~ (hiding).
   711 | D:3      | 711 ||| Stepping ~*~*~tactically~*~*~ (hiding).
   721 | D:3      | HP: 1/10 [giant cockroach (2)]
   724 | D:3      | Slain by Sigmund

Levels and vault maps discovered:
D:3:      layout_basic, uniq_robin, uniq_natasha, uniq_sigmund
D:4:      layout_basic, lemuel_round_altar, minmay_misc_feat_columns
D:5:      layout_rooms, kennysheep_mini, serial_shops, shop_statue

Action                   || total
-------------------------++-------
Melee: Unarmed           ||     8
       Bite              ||     1
 Stab: Sleeping          ||     1
Dodge: Dodged            ||     9

Table legend:
 A = Non-vault XP
 B = Vault XP
 C = Vault XP percentage of total XP
 D = Non-vault monster count
 E = Vault monster count
 F = Vault count percentage of total count
                 A         B        C        D         E       F
            +---------+---------+-------+---------+---------+-------
      Total |       3 |       0 |   0.0 |       2 |       0 |   0.0
            +---------+---------+-------+---------+---------+-------
        D:3 |       3 |       0 |   0.0 |       2 |       0 |   0.0
            +---------+---------+-------+---------+---------+-------
